 Dungeon Crawl Stone Soup version 0.31-a0-1036-g31867e143a (webtiles) character file.

Game seed: 10773700212439628700

565 Azuregosa the Covert (level 7, -1/47 HPs)
             Began as an Octopode Delver on Nov 19, 2023.
             Slain by a black bear (6 damage)
             ... on level 5 of the Dungeon.
             The game lasted 00:09:27 (4520 turns).

Azuregosa the Covert (Octopode Delver)              Turns: 4520, Time: 00:09:27

Health: -1/47      AC:  1    Str: 12    XL:     7   Next: 32%
Magic:  0/7        EV: 13    Int: 12    God:
Gold:   265        SH:  0    Dex: 15    Spells: 6/6 levels left

rFire   . . .        g - +1 scimitar (heavy)
rCold   . . .        (no shield)
rNeg    . . .        (helmet currently unavailable)
rPois   .            o - amulet of guardian spirit
rElec   .            w - ring of resist corrosion
rCorr   +            (no ring)
SInv    .            (no ring)
Will    .....        (no ring)
Stlth   +++++        (no ring)
HPRegen 0.27/turn    (no ring)
MPRegen 0.10/turn    (no ring)
                     (no ring)

%: guardian spirit
@: beast-form
A: beast (slay +3), almost no armour, amphibious, 8 rings, camouflage 1,
gelatinous body 1, (nimble swimmer 1), tentacles
a: Begin Untransformation


You were on level 5 of the Dungeon.
You were a hulking beast.
You visited 1 branch of the dungeon, and saw 5 of its levels.

You collected 265 gold pieces.

Inventory:

Hand Weapons
 a - a +0 spear
 g - a +1 heavy scimitar (weapon)
 t - a +3 dagger
Missiles
 c - 55 stones
 p - 8 poisoned darts
Jewellery
 o - an amulet of guardian spirit (around mantle)
 w - a ring of resist corrosion (left tentacle)
Talismans
 i - a serpent talisman
 q - a beast talisman (active)
Wands
 f - a wand of digging (3)
 v - a wand of iceblast (10)
 x - a wand of acid (10)
Scrolls
 b - 2 scrolls of fog
 d - a scroll of fear
 h - 2 scrolls of teleportation {unknown}
 j - 3 scrolls of identify {unknown}
 k - 3 scrolls of amnesia {unknown}
 m - a scroll of acquirement {unknown}
 n - a scroll of vulnerability {unknown}
Potions
 e - a potion of haste
 l - a potion of ambrosia {unknown}
 r - a potion of mutation {unknown}
 s - a potion of heal wounds {unknown}
 u - a potion of resistance {unknown}


   Skills:
 - Level 3.9 Fighting
 - Level 2.0 Polearms
 - Level 2.0 Dodging
 - Level 8.4 Stealth
 + Level 5.4 Shapeshifting


You had 6 spell levels left.
You didn't know any spells.
Your spell library contained the following spells:

 Spells                   Type           Power      Damage    Failure   Level
 Summon Guardian Golem    Hex/Summ       0%         N/A       69%         3
 Orb of Destruction       Conj           0%         9d5       100%        7
 Spellforged Servitor     Conj/Summ      0%         N/A       100%        7


Dungeon Overview and Level Annotations

Branches:
Dungeon (5/15)
 Temple: D:4-7

Altars:
Cheibriados
Kikubaaqudgha
Qazlal
Sif Muna


Innate Abilities, Weirdness & Mutations

You are a hulking beast.
Your limbs bulge with bestial killing power. (Slay +3)
You cannot wear most types of armour.
You are amphibious.
You can wear up to eight rings at the same time.
Your skin changes colour to match your surroundings (Stealth+).
Your rubbery body absorbs attacks. (AC +1, EV +1)
((You are camouflaged when in or above water. (Stealth+)))
You have tentacles for arms and can constrict up to eight enemies at once.


Message History

You climb upwards.
There is a stone staircase leading down here.
You start resting.
Magic restored.
You start resting.
HP restored.
There is a stone staircase leading down here.
You climb downwards.
The gnoll shouts!
There is a stone staircase leading up, spattered with blood here.
The gnoll closely misses you. The gnoll closely misses you.
You slice the gnoll!!
You kill the gnoll!
Things that are here:
a +0 spear; a gnoll corpse The gnoll barely misses you.
The black bear growls angrily.
You hit the black bear. You grab the black bear.
You tentacle-slap the black bear, but do no damage.
You squeeze the black bear.
The black bear is lightly wounded.
You constrict the black bear.
The gnoll hits you from afar with a +2 halberd of freezing.
The gnoll freezes you. The black bear misses you.
The black bear claws you but does no damage. x2
The gnoll closely misses you. The black bear closely misses you.
The black bear barely misses you. The black bear closely misses you.
You hit the black bear.
The black bear is moderately wounded.
You constrict the black bear.
The gnoll hits you from afar with a +2 halberd of freezing!
The gnoll freezes you. The black bear bites you!
The black bear closely misses you. x2
The gnoll hits you from afar with a +2 halberd of freezing!
* * * LOW HITPOINT WARNING * * *
The gnoll freezes you.
* * * LOW HITPOINT WARNING * * *
The black bear bites you!
You die...

******,*************,* #.#
,,,,,*,*******######+######.#
***,,,,,,,,,,,..............#####
*,,*,*******#.............##...
*,,*,* #.................. *,,*,*
#.......<....###... **,*,*
#............# #...
***+*+*******#..h......g..# ####
*,,,,,,,,,,,*#.h..........#
*,,,,,,,,,,,*#............#
*,,,,,,,,,,,*#...g........#
*,,,,,,,,,,,*#............###
***,,,,,,,>,*##.###.........#
*,,,,,,,,,,,* #.# #########.#
*,,,,,,,,,,,* #.###########)##
*,,,,,,,,,,** #..............#
*,,,,,****** #..............#


You could see a black bear and a gnoll.

Vanquished Creatures
  A sky beast (D:3)
  A howler monkey (D:5)
  A hound (D:5)
  A jelly (D:4)
  An iguana (D:4)
  An orc wizard (D:4)
  2 sleepcaps
  2 gnolls (D:5)
  14 adders
  A white imp (D:5)
  2 worms (D:3)
  4 dart slugs
  6 orcs
  6 endoplasms
  4 giant cockroaches
  11 goblins
  9 hobgoblins
  8 jackals
  5 kobolds
  2 quokkas
  15 ball pythons
  8 bats
  3 frilled lizards
  7 rats
115 creatures vanquished.

Notes
Turn   | Place    | Note
-------+----------+-------------------------------------------
     0 | D:5      | Azuregosa the Octopode Delver began the quest for the Orb.
     0 | D:5      | Reached XP level 1. HP: 16/16 MP: 1/1
    17 | D:5      | Noticed a sleepcap
    29 | D:5      | Killed a sleepcap
    30 | D:5      | Reached skill level 7 in Stealth
    30 | D:5      | Reached XP level 2. HP: 13/21 MP: 2/2
    30 | D:5      | Reached XP level 3. HP: 17/26 MP: 3/3
    82 | D:5      | Noticed a water moccasin
   134 | D:4      | Reached skill level 8 in Stealth
   233 | D:4      | Reached XP level 4. HP: 24/31 MP: 4/4
   490 | D:3      | Found a shimmering blue altar of Sif Muna.
   631 | D:3      | Found a stormy altar of Qazlal.
   631 | D:3      | Noticed a sky beast
   782 | D:2      | Reached skill level 1 in Shapeshifting
   782 | D:2      | Reached XP level 5. HP: 32/37 MP: 5/5
  2035 | D:2      | Found a snail-covered altar of Cheibriados.
  2371 | D:2      | Reached XP level 6. HP: 43/43 MP: 6/6
  3850 | D:4      | Found an ancient bone altar of Kikubaaqudgha.
  3978 | D:3      | Killed a sky beast
  3979 | D:3      | Reached XP level 7. HP: 26/47 MP: 2/7
  4156 | D:3      | Reached skill level 5 in Shapeshifting
  4520 | D:5      | Slain by a black bear

Illustrated notes

Levels and vault maps discovered:
D:1:      minmay_arrival_up_and_down, layout_loops_ring, minmay_cut_off
D:2:      layout_basic, basic_altar, minmay_snake_closets
D:3:      layout_loops_ring, nicolae_overflow_crystal_walls,
          nicolae_qazlal_beasts_of_the_sky
D:4:      kennysheep_six_static_rooms, layout_layer_cave, kennysheep_mini,
          minmay_misc_feat_chi, minmay_fractal_squares_diagonal_5
D:5:      layout_basic

Skill      XL: |  1  2  3  4  5  6  7 |
---------------+----------------------+-----
Stealth        | 7 8 |  8.4
Shapeshifting  | 1 3 4 5 |  5.4
Fighting       | |  3.9
Polearms       | |  2.0
Dodging        | |  2.0

Action                     |  1- 3 |  4- 6 |  7- 9 || total
---------------------------+-------+-------+-------++-------
  Melee: Spear             |     5 |       |       ||     5
         Tentacles         |     4 |    15 |     2 ||    21
         Constrict         |     3 |    30 |     4 ||    37
         Scimitar          |     6 |   139 |    13 ||   158
         Punch             |       |     3 |     1 ||     4
    Use: Scroll            |     1 |       |       ||     1
   Stab: Sleeping          |     1 |    44 |     3 ||    48
         Distracted        |       |     1 |       ||     1
 Armour: Skin              |     5 |    72 |    16 ||    93
  Dodge: Dodged            |     9 |   123 |    23 ||   155
   Form: Beast             |       |     1 |       ||     1

Table legend: (Time is in decaauts)
 A = Elapsed time spent in this place.
 B = Non-inter-level travel time spent in this place.
 C = Inter-level travel time spent in this place.
 D = Time resting spent in this place.
 E = Time spent auto-exploring this place.
 F = Levels seen in this place.
 G = Mean time per level.
                   A        B        C        D        E       F      G
               +--------+--------+--------+--------+--------+-----+--------+
         Total |   4693 |   4523 |    170 |    374 |   2997 |   5 |  938.6 |
       Dungeon |   4693 |   4523 |    170 |    374 |   2997 |   5 |  938.6 |
               +--------+--------+--------+--------+--------+-----+--------+

Top non-repeatable levels by time:
     D:4: 1815 daAuts
     D:2: 1101 daAuts
     D:3: 774 daAuts
     D:1: 673 daAuts
     D:5: 328 daAuts
